 Dungeon Crawl Stone Soup version 0.27-a0-1046-g98bf31544f (webtiles) character file.

Game seed: 4830505463039173658

28754 robertstho the Eclecticist (level 13, -3/83 HPs)
             Began as a Djinni Fire Elementalist on Apr 19, 2021.
             Was an Initiate of Gozag.
             Killed from afar by a rime drake (20 damage)
             ... with a flash freeze
             ... on level 4 of the Lair of Beasts.
             The game lasted 00:34:57 (19418 turns).

robertstho the Eclecticist (DjFE)                  Turns: 19418, Time: 00:34:58

Health: -3/83      AC: 10    Str: 11    XL:     13   Next: 40%
Gold:   1307       EV: 19    Int: 24    God:    Gozag SH:  5 Dex: 15

rFire    + + .     SeeInvis +   t - +0 war axe (elec)
rCold    . . .     Faith    .   (no shield)
rNeg     . . .     Spirit   .   e - +0 steam dragon scales
rPois    ∞         Reflect  +   K - +3 crown of Dyrovepreva {rElec Int+2 SInv}
rElec    +         Harm     .   B - +0 cloak
rCorr    +         Rampage  .   b - +0 pair of gloves
Will     +....                  (boots unavailable)
Stlth    +++.......             E - amulet of Jaos {Reflect rCorr Str+4 Dex-3 Slay+5 SH+5}
HPRegen  0.23/turn              f - +4 ring of evasion
MPRegen  0.00/turn              D - ring "Ociatati" {Contam rElec rC+ MP+9 Dex+4}

@: gold aura, flying, studying Polearms
A: fire resistance 2, cold vulnerability 1, float, innate caster, hp casting,
extra vitality 1
a: Renounce Religion, Potion Petition, Call Merchant, Bribe Branch


You were on level 4 of the Lair of Beasts.
You worshipped Gozag.
Gozag was most pleased with you.
You visited 2 branches of the dungeon, and saw 15 of its levels.

You collected 3882 gold pieces.
You spent 1511 gold pieces at shops.
You paid 1064 gold pieces to Gozag.

Inventory:

Hand Weapons
 k - a +2 dagger of holy wrath
 p - a +0 short sword of draining
 t - a +0 war axe of electrocution (weapon)
Armour
 b - a +0 pair of gloves (worn)
 e - +0 steam dragon scales (worn)
 B - a +0 cloak (worn)
 C - the +0 pair of gloves "Vaodde" {rPois rN+++ Int-3}
   (You bought it in a shop on level 7 of the Dungeon)

   It affects your intelligence (-3).
   It protects you from poison.
   It renders you almost immune to negative energy.
 J - a +1 robe of cold resistance
 K - the +3 crown of Dyrovepreva (worn) {rElec Int+2 SInv}
   (You bought it in a shop on level 8 of the Dungeon)

   It affects your intelligence (+2).
   It insulates you from electricity.
   It lets you see invisible.
Jewellery
 f - a +4 ring of evasion (left hand)
 n - a +4 ring of evasion
 v - an amulet of regeneration
 D - the ring "Ociatati" (right hand) {Contam rElec rC+ MP+9 Dex+4}
   (You bought it in a shop on level 7 of the Dungeon)

   [ring of protection from cold]

   It affects your dexterity (+4).
   It protects you from cold.
   It insulates you from electricity.
   It affects your magic capacity (+9).
   It causes magical contamination when unequipped.
 E - the amulet of Jaos (around neck) {Reflect rCorr Str+4 Dex-3 Slay+5 SH+5}
   (You acquired it on level 8 of the Dungeon)

   [amulet of reflection]

   It reflects blocked missile attacks.
   It affects your strength (+4).
   It affects your dexterity (-3).
   It affects your accuracy and damage with ranged weapons and melee attacks
   (+5).
   It protects you from acid and corrosion.
   It affects your SH (+5).
 F - a ring of protection from cold
 H - a ring of magical power
Wands
 l - a wand of flame (39)
 s - a wand of paralysis (8)
 u - a wand of iceblast (7)
 L - a wand of acid (5)
 N - a wand of digging (5)
Scrolls
 a - a scroll of vulnerability {unknown}
 d - 14 scrolls of teleportation
 o - a scroll of torment {unknown}
 q - 5 scrolls of magic mapping
 w - 2 scrolls of enchant armour
 x - 2 scrolls of holy word {unknown}
 y - 3 scrolls of fog
 A - 2 scrolls of enchant weapon
 G - a scroll of brand weapon
 I - 2 scrolls of fear
 Q - 2 scrolls of immolation
Potions
 c - a potion of mutation
 g - 2 potions of haste
 h - 4 potions of curing
 i - 4 potions of attraction
 j - 5 potions of lignification
 m - 5 potions of ambrosia
 r - 3 potions of heal wounds
 z - 2 potions of berserk rage
 M - a potion of brilliance
 O - a potion of might
Miscellaneous
 P - a lightning rod (4/4)
 S - a condenser vane


   Skills:
 + Level 4.1 Fighting
 + Level 3.0(3.1) Axes
 + Level 0.9(2.1) Maces & Flails
 + Level 6.5 Dodging
 + Level 6.3 Stealth
 + Level 1.9 Shields
 + Level 15.8 Spellcasting
 + Level 1.1 Evocations


You had 9 spell levels left.
You knew the following spells:

 Your Spells              Type           Power      Damage    Failure   Level
a - Foxfire               Conj/Fire      100%       2x1d9     0%          1
b - Conjure Flame         Conj/Fire      76%        6-21      0%          3
c - Inner Flame           Hex/Fire       76%        N/A       0%          3
d - Sticky Flame          Conj/Fire      76%        2d9       1%          4
e - Fireball              Conj/Fire      38%        3d16      1%          5
f - Shock                 Conj/Air       100%       1d9       0%          1
g - Call Imp              Summ           76%        N/A       0%          2
h - Blink                 Tloc           N/A        N/A       0%          2
i - Summon Guardian Gole  Hex/Summ       76%        N/A       0%          3
j - Bolt of Magma         Conj/Fire/Erth 38%        4d16      1%          5
k - Metabolic Englaciati  Hex/Ice        38%        N/A       1%          5
Your spell library was empty.

Dungeon Overview and Level Annotations

Branches:
Dungeon (11/15)            Temple (0/1) D:7            Lair (4/6) D:8
  Swamp (0/4) Lair:2          Orc (0/2) D:9
  Snake: Lair:2-4    Spider: Lair:2-4

Altars:
Cheibriados
Gozag
Okawaru
Qazlal
Ru
Sif Muna
Trog
Vehumet
Wu Jian

Shops:
D:4 *   D:5 [   D:7 *   D:8 [(   D:9 ?

Annotations:
D:8 538 crown
D:10 2 runed translucent doors, Zeld's ghost, journeyman HOFi


Innate Abilities, Weirdness & Mutations

You are immune to poison.
Your flesh is very heat resistant. (rF++)
You are vulnerable to cold. (rC-)
You float through the air rather than walking.
You learn spells naturally, not from books.
Your magical power is your life essence.
You have superior vitality. (+4 HP)


Message History

The bolt of magma hits the komodo dragon!!
You kill the komodo dragon!
The bolt of magma hits the blink frog!!
You kill the blink frog!
The water moccasin hisses angrily.
Casting: Bolt of Magma (safe; 1% risk of failure)
Confirm with . or Enter, or press ? or * to list all spells.
Aiming: Fireball (safe; 1% risk of failure)
Press: ? - help, Shift-Dir - straight line, f - water moccasin
Aim: a water moccasin The fireball explodes!
The fireball engulfs the water moccasin!!
You kill the water moccasin!
The fireball engulfs the yak!!
The yak is severely wounded.
You hear an angry hiss.
Unknown command.
Casting: Fireball (safe; 1% risk of failure)
Confirm with . or Enter, or press ? or * to list all spells.
Aiming: Bolt of Magma (safe; 1% risk of failure)
Press: ? - help, Shift-Dir - straight line, f - yak
Aim: a yak (84% to hit)
The bolt of magma hits the yak!!
You kill the yak!
The bolt of magma hits the yak!!
The yak is severely wounded.
* * * LOW HITPOINT WARNING * * *
A rime drake comes into view.
Casting: Bolt of Magma (safe; 1% risk of failure)
Confirm with . or Enter, or press ? or * to list all spells.
Aiming: Bolt of Magma (safe; 1% risk of failure)
Press: ? - help, Shift-Dir - straight line, f/p - yak
Aim: a yak (severely wounded, 84% to hit)
The bolt of magma hits the yak!!
You kill the yak!
* * * LOW HITPOINT WARNING * * *
The rime drake breathes ice at you. The flash freeze hits you!!
You die...
Your body crumbles into a pile of gold.

+..... ........ ..... +.#.
.P .... ##.. #. .... #..#
.#+# #$. ##.##...## ##Y###
####.#......#
##..l.#########......<.....
#P..##$##.#P....+..........
#..k.$$$$.@..###...###P....
..........#$.##.### #####
...## FP..####...######
...# ..# ##P..# #..# .
###..# .P# .... ... ##...
...


You could see a rime drake (catching breath).

Vanquished Creatures
  An ettin (shapeshifter) (D:10)
  A hydra (Lair:3)
  A centaur warrior (D:10)
  3 two-headed ogres
  2 tengu warriors (D:10)
  A wizard (D:10)
  A bog body (Lair:2)
  A manticore (D:8)
  A moth of wrath (shapeshifter) (D:10)
  3 black mambas
  6 cane toads
  An unseen horror (D:10)
  A rime drake (Lair:3)
  A kobold demonologist (D:10)
  Maggie (D:7)
  4 komodo dragons
  A yaktaur (D:10)
  A queen bee (Lair:3)
  A polar bear (Lair:3)
  A hornet (D:4)
  10 blink frogs
  Prince Ribbit (D:5)
  Grinder (D:5)
  4 dream sheep (Lair:2)
  A wyvern (Lair:2)
  A vampire (D:9)
  33 yaks
  Grum (D:10)
  3 steam dragons
  An acid dragon (D:11)
  12 water moccasins
  Duvessa (D:6)
  4 orc warriors
  9 black bears
  2 ice beasts (D:7)
  A necrophage (D:4)
  9 wolves
  4 centaurs
  An ogre (D:6)
  A phantom (D:5)
  Blork the orc (D:5)
  A kobold brigand (D:9)
  8 bullfrogs
  2 gnoll sergeants (D:8)
  A water moccasin zombie (D:5)
  A jelly (D:6)
  Dowan (D:6)
  13 wights
  24 killer bees (Lair:3)
  A howler monkey (D:9)
  5 centaur zombies
  5 hounds (D:8)
  5 orc priests
  Ijyb (D:3)
  2 gnoll shamans
  An iguana (D:5)
  8 orc wizards
  2 killer bee zombies
  19 gnolls
  8 adders
  2 white imps (D:8)
  An adder skeleton (D:4)
  2 worms
  2 dart slugs
  30 orcs
  7 endoplasms
  A giant cockroach (D:1)
  19 goblins
  10 hobgoblins
  8 jackals
  8 quokkas
  6 ball pythons
  6 bats
  A frilled lizard (D:2)
  6 kobolds
  5 rats
356 creatures vanquished.

Vanquished Creatures (others)
  768 foxfires
  15 fungi
  8 plants
791 creatures vanquished.

Grand Total: 1147 creatures vanquished

Notes
Turn   | Place    | Note
-------+----------+-------------------------------------------
     0 | D:1      | robertstho the Djinni Fire Elementalist began the quest for
                  | the Orb.
     0 | D:1      | Reached XP level 1. HP: 15/15 MP: 0/0
   368 | D:1      | Reached skill level 3 in Spellcasting
   368 | D:1      | Reached XP level 2. HP: 20/21 MP: 0/0
   775 | D:1      | Found a faded altar of an unknown god.
   822 | D:1      | Reached XP level 3. HP: 24/25 MP: 0/0
   822 | D:1      | Learned a level 1 spell: Shock
  1589 | D:2      | Identified a scroll of acquirement
  1589 | D:2      | Acquired 645 gold pieces
  2048 | D:2      | Reached XP level 4. HP: 29/31 MP: 0/0
  2431 | D:3      | Found a stormy altar of Qazlal.
  2488 | D:3      | Noticed Ijyb
  2734 | D:3      | HP: 1/31 [orc/+0 hand axe (5)]
  3106 | D:3      | Killed Ijyb
  3107 | D:3      | Reached skill level 4 in Spellcasting
  3178 | D:3      | Reached XP level 5. HP: 19/35 MP: 0/0
  3178 | D:3      | Learned a level 2 spell: Call Imp
  3874 | D:4      | Found an opulent altar of Gozag.
  3885 | D:4      | Found Gozag's Platinum Reserve.
  3887 | D:4      | Noticed a necrophage
  3899 | D:4      | Killed a necrophage
  3900 | D:4      | Reached skill level 1 in Fighting
  3900 | D:4      | Reached XP level 6. HP: 34/42 MP: 0/0
  3901 | D:4      | Became a worshipper of Gozag Ym Sagoz the Greedy
  4001 | D:4      | Noticed a hornet
  4014 | D:4      | Killed a hornet
  4015 | D:4      | Reached skill level 5 in Spellcasting
  4015 | D:4      | Reached XP level 7. HP: 46/47 MP: 0/0
  4015 | D:4      | Learned a level 2 spell: Blink
  4562 | D:4      | Found a snail-covered altar of Cheibriados.
  4942 | D:5      | Entered Level 5 of the Dungeon
  4974 | D:5      | Noticed Prince Ribbit
  4984 | D:5      | Killed Prince Ribbit
  4985 | D:5      | Reached skill level 6 in Spellcasting
  5356 | D:5      | Reached XP level 8. HP: 49/53 MP: 0/0
  5449 | D:5      | Found Inoop's Antique Armour Shop.
  5790 | D:5      | Noticed Blork the orc
  5798 | D:5      | Killed Blork the orc
  5980 | D:5      | Noticed Grinder
  6007 | D:5      | Killed Grinder
  6008 | D:5      | Reached skill level 7 in Spellcasting
  6318 | D:6      | Noticed Dowan
  6330 | D:6      | Killed Dowan
  6730 | D:6      | Noticed Duvessa
  7000 | D:6      | Killed Duvessa
  7001 | D:6      | Reached XP level 9. HP: 47/59 MP: 0/0
  7001 | D:6      | Learned a level 3 spell: Summon Guardian Golem
  7012 | D:6      | Reached skill level 8 in Spellcasting
  7255 | D:6      | Found an iron altar of Okawaru.
  7796 | D:7      | Reached skill level 5 in Dodging
  7835 | D:7      | Noticed Maggie
  7848 | D:7      | Killed Maggie
  7849 | D:7      | Reached skill level 9 in Spellcasting
  7898 | D:7      | Reached skill level 5 in Stealth
  8209 | D:7      | Found a bloodstained altar of Trog.
  8209 | D:7      | Found an ornate altar of the Wu Jian Council.
  8275 | D:7      | Found a staircase to the Ecumenical Temple.
  8459 | D:7      | Bought a potion of heal wounds for 115 gold pieces
  8459 | D:7      | Bought a pair of twisted gloves for 218 gold pieces
  8459 | D:7      | Identified the +0 pair of gloves "Vaodde" {rPois rN+++
                  | Int-3} (You bought it in a shop on level 7 of the Dungeon)
  8459 | D:7      | Bought a scroll of teleportation for 69 gold pieces
  8459 | D:7      | Bought a vibrating bronze ring for 115 gold pieces
  8459 | D:7      | Identified the ring "Ociatati" {Contam rElec rC+ MP+9
                  | Dex+4} (You bought it in a shop on level 7 of the Dungeon)
  8529 | D:8      | Reached XP level 10. HP: 53/67 MP: 0/0
  8609 | D:8      | Reached skill level 10 in Spellcasting
  8746 | D:8      | Found a staircase to the Lair.
  8834 | D:8      | Acquired the amulet of Jaos {Reflect rCorr Str+4 Dex-3
                  | Slay+5 SH+5}
  8982 | D:8      | Found Synioss's Weapon Emporium.
  9052 | D:8      | Found Ywkocri's Armour Shoppe.
  9201 | D:8      | Noticed a manticore
  9207 | D:8      | Killed a manticore
 10056 | D:9      | Reached skill level 11 in Spellcasting
 10578 | D:9      | Found a staircase to the Orcish Mines.
 10811 | D:9      | Found Soyfarya's Magic Scroll Shoppe.
 10817 | D:9      | Bought a scroll of identify for 24 gold pieces
 10817 | D:9      | Bought a scroll of teleportation for 36 gold pieces
 10817 | D:9      | Bought a scroll of teleportation for 36 gold pieces
 10817 | D:9      | Bought a scroll of magic mapping for 42 gold pieces
 10817 | D:9      | Bought 2 scrolls of magic mapping for 84 gold pieces
 10817 | D:9      | Bought a scroll of amnesia for 42 gold pieces
 10817 | D:9      | Bought a scroll of teleportation for 36 gold pieces
 10817 | D:9      | Bought a scroll of identify for 24 gold pieces
 10817 | D:9      | Bought a scroll of immolation for 42 gold pieces
 10817 | D:9      | Bought a scroll of enchant armour for 90 gold pieces
 11072 | D:10     | Entered Level 10 of the Dungeon
 11206 | D:10     | Noticed a two-headed ogre
 11210 | D:10     | Killed a two-headed ogre
 11211 | D:10     | Reached XP level 11. HP: 55/71 MP: 0/0
 11211 | D:10     | Learned a level 5 spell: Bolt of Magma
 11213 | D:10     | Noticed Grum
 11215 | D:10     | Reached skill level 12 in Spellcasting
 11224 | D:10     | Killed Grum
 11524 | D:10     | Found a runed translucent door.
 11527 | D:10     | Noticed Zeld's ghost (journeyman HOFi)
 11528 | D:10     | Noticed a lich
 11529 | D:10     | Found a runed translucent door.
 11531 | D:10     | Noticed a necromancer
 11673 | D:10     | Noticed a tengu warrior
 11680 | D:10     | Killed a tengu warrior
 12028 | D:10     | Noticed a wizard
 12028 | D:10     | Noticed a purple ugly thing
 12034 | D:10     | Noticed a fire dragon
 12065 | D:10     | Noticed a sea snake
 12065 | D:10     | an eye of devastation changed into a sea snake
 12090 | D:10     | Found a sacrificial altar of Ru.
 12274 | D:10     | Reached skill level 1 in Axes
 12745 | D:10     | Noticed a frost giant
 12745 | D:10     | Noticed a frost giant
 12745 | D:10     | Noticed a six-headed hydra
 12747 | D:10     | Noticed a skeletal warrior
 12986 | D:8      | Bought the +3 crown of Dyrovepreva {rElec Int+2 SInv} for
                  | 538 gold pieces
 12986 | D:8      | Found the +3 crown of Dyrovepreva {rElec Int+2 SInv}
 13248 | D:11     | Noticed a two-headed ogre
 13248 | D:11     | Noticed a two-headed ogre
 13252 | D:11     | Killed a two-headed ogre
 13253 | D:11     | Noticed a death knight
 13259 | D:11     | Killed a two-headed ogre
 13260 | D:11     | Reached skill level 13 in Spellcasting
 13359 | Lair:1   | Entered Level 1 of the Lair of Beasts
 14252 | Lair:1   | Reached XP level 12. HP: 65/78 MP: 0/0
 15170 | D:10     | Noticed a tengu warrior
 15170 | D:10     | Noticed a centaur warrior
 15176 | D:10     | Killed a centaur warrior
 15177 | D:10     | Reached skill level 14 in Spellcasting
 15338 | D:10     | Killed a tengu warrior
 15572 | D:10     | Noticed an ettin
 15581 | D:10     | Killed an ettin
 16274 | Lair:2   | Found a staircase to the Swamp.
 16297 | Lair:2   | Reached skill level 1 in Shields
 17015 | Lair:2   | Reached skill level 15 in Spellcasting
 17254 | Lair:2   | Reached XP level 13. HP: 49/83 MP: 0/0
 17254 | Lair:2   | Learned a level 5 spell: Metabolic Englaciation
 17461 | Lair:3   | Reached skill level 1 in Evocations
 17610 | Lair:3   | Identified the +1 robe of the Lost Princes {-Tele rC+++}
 19018 | Lair:3   | Found a sacrificial altar of Ru.
 19418 | Lair:4   | Killed from afar by a rime drake

Illustrated notes

Levels and vault maps discovered:
D:1:      dpeg_arrival_yet_another_circle, layout_loops_ring,
          hellmonk_ecumenical_altar_slurped_away
D:2:      layout_basic
D:3:      layout_rooms, grunt_qazlal_clouds, lemuel_round_altar,
          kennysheep_small_spiral, minmay_misc_feat_room, uniq_ijyb
D:4:      cheibrodos_greedy_goblins, layout_loops_ring,
          nicolae_overflow_hidden_temple, nicolae_gozag_zags_fifth_avenue,
          grunt_tough_drop
D:5:      layout_loops_corners, serial_shops, nicolae_shop_waterfront,
          uniq_grinder, uniq_prince_ribbit1, uniq_blork_the_orc
D:6:      layout_gridville, lemuel_crystal_altar, uniq_duvessa
D:7:      layout_basic, gammafunk_temple_overflow_pools,
          minmay_temple_entry_junction, uniq_maggie
D:8:      layout_cave_pools, kennysheep_mini, lair_entry_dummy, serial_shops,
          kennysheep_little_box, serial_gnoll_camp, gnoll_camp_mini_loothouse,
          gnoll_camp_huts_basic, gnoll_camp_mini_shop, gnoll_camp_mini_doghouse,
          minmay_fractal_squares_gapless_5
D:9:      layout_loops_ring, orc_0_dummy, serial_shops, nicolae_shop_trees
D:10:     layout_basic, nicolae_ru_awakened_eye, muffindrake_ghost_dual_entry,
          onia_ninara_dug_in_and_dangerous, uniq_grum
D:11:     evilmike_iron_armoury, layout_rooms
Lair:1:   layout_regular_city, serial_bayou_pond_e, serial_bayou_shore_b,
          grunt_megastairs_1
Lair:2:   layout_hall_layers, skrybe_swamp_entry_bodies, beast_lair_carwin_8
Lair:3:   layout_cave_pods, special_room [special_room_bee], basic_altar,
          grunt_megastairs_4
Lair:4:   layout_roguey, minmay_snake_entry_six_corridors,
          lightli_volcano_entry_magma_tube

Skill      XL: |  1  2  3  4  5  6  7  8  9 10 11 12 13 |
---------------+----------------------------------------+-----
Spellcasting   | 3 4 5 6 7 9 11 13 15 | 15.8
Stealth        | 2 3 4 5 6 |  6.3
Fighting       | 1 2 3 4 |  4.1
Dodging        | 3 4 5 6 |  6.5
Axes           | 2 3 |  3.0
Shields        | 1 |  1.9
Evocations     | 1 |  1.1
Maces & Flails | |  0.9

Action                   |  1- 3 |  4- 6 |  7- 9 | 10-12 | 13-15 || total
-------------------------+-------+-------+-------+-------+-------++-------
Melee: Mace              |     1 |     2 |       |       |       ||     3
       War axe           |       |       |    10 |     7 |       ||    17
 Cast: Foxfire           |    77 |    74 |   200 |    96 |       ||   447
       Sticky Flame      |       |     2 |    11 |    22 |       ||    35
       Fireball          |       |       |    10 |   159 |    57 ||   226
       Bolt of Magma     |       |       |       |    25 |    11 ||    36
       Conjure Flame     |       |       |       |     1 |       ||     1
       Summon Guardian G |       |       |       |     1 |       ||     1
Invok: Potion Petition   |       |     1 |       |       |       ||     1
       Call Merchant     |       |       |     1 |       |       ||     1
Evoke: Wand              |       |       |       |     1 |       ||     1
  Use: Scroll            |     2 |     2 |     5 |     9 |     2 ||    20
       Potion            |       |     4 |       |     1 |       ||     5
 Stab: Sleeping          |       |       |       |     1 |       ||     1
Armor: Robe              |     2 |     5 |    11 |       |       ||    18
       Steam dragon scal |       |       |       |    18 |       ||    18
Dodge: Dodged            |    24 |    34 |    58 |    46 |     2 ||   164
Block: Other             |       |       |       |    14 |       ||    14

Table legend: (Time is in decaauts)
 A = Elapsed time spent in this place.
 B = Non-inter-level travel time spent in this place.
 C = Inter-level travel time spent in this place.
 D = Time resting spent in this place.
 E = Time spent auto-exploring this place.
 F = Levels seen in this place.
 G = Mean time per level.
                   A        B        C        D        E       F      G
               +--------+--------+--------+--------+--------+-----+--------+
         Total |  19412 |  18422 |    990 |   3832 |  12447 |  15 | 1294.1 |
       Dungeon |  14079 |  13273 |    806 |   2388 |   9123 |  11 | 1279.9 |
          Lair |   5333 |   5150 |    183 |   1444 |   3323 |   4 | 1333.2 |
               +--------+--------+--------+--------+--------+-----+--------+

Top non-repeatable levels by time:
  Lair:1: 2343 daAuts
    D:10: 2250 daAuts
     D:9: 1873 daAuts
  Lair:3: 1652 daAuts
     D:1: 1587 daAuts
     D:5: 1492 daAuts
     D:8: 1312 daAuts
  Lair:2: 1290 daAuts
     D:2: 1228 daAuts
     D:6: 1221 daAuts
     D:4: 1104 daAuts
     D:3: 982 daAuts
     D:7: 827 daAuts
    D:11: 198 daAuts
  Lair:4: 46 daAuts
